Map: Whirlwind LE (Void)

Players

Gorod

  • Race: Zerg Zerg
  • League: Diamond
  • Spawn Location: 7:00

jahudka - Winner!

  • Race: Zerg Zerg
  • League: Diamond
  • Spawn Location: 1:00

VOD

Have the link to the VOD?

Description

Time

  • Played on: Dec. 15, 2016, 8:08 a.m.
  • Length: 4:06
Show
View Real Time Build Order
Export as new Build Order

Gorod Zerg 

Build Orders: Hatch First 

Get SALT Encoding   

  12  0:02  Drone  
  13  0:08  Drone  
  14  0:16  Extractor  
  14  0:17  Drone  
  15  0:40  Hatchery  
  14  0:46  Extractor  
  14  0:47  Drone  
  14  0:51  Extractor  
  14  0:52  Drone  
  15  1:08  Spawning Pool  
  14  1:17  Overlord  
  14  1:24  Extractor  
  14  1:25  Drone  
  15  1:35  Drone x2  
  17  1:55  Zergling x6  
  17  1:57  Metabolic Boost  
  20  2:04  Zergling x4  
  22  2:21  Zergling x4  
  24  2:27  Zergling x2  
  24  2:28  Zergling x2  
  25  2:34  Queen  
  27  2:38  Zergling x2  
  28  2:48  Overlord  
  28  2:54  Drone, Baneling Nest  
  28  3:07  Zergling x2  
  28  3:08  Zergling x6  
  32  3:22  Zergling x4  
  30  3:40  Zergling x6  
Show
View Real Time Build Order
Export as new Build Order

jahudka Zerg - Winner!

Build Orders: Pool Only 

Get SALT Encoding   

  12  0:01  Drone  
  13  0:22  Spawning Pool  
  13  0:25  Drone  
  13  0:28  Extractor  
  12  0:32  Drone  
  13  0:37  Drone  
  14  0:45  Overlord  
  14  1:10  Zergling x6  
  17  1:13  Queen  
  19  1:22  Overlord  
  19  1:31  Metabolic Boost  
  19  1:37  Zergling x2  
  20  1:44  Zergling x2  
  21  1:54  Baneling Nest  
  21  1:59  Zergling x2  
  21  2:11  Zergling x2  
  22  2:20  Zergling x2  
  23  2:30  Zergling x6  
  26  2:37  Zergling x2  
  27  2:47  Baneling x2  
  27  2:48  Zergling x2  
  28  3:04  Zergling x4  
  30  3:17  Baneling x2  
  29  3:31  Zergling x2  
  28  3:39  Zergling x2  
  28  3:40  Zergling x4  
  30  3:41  Baneling  
  30  3:42  Baneling  
Tags
 
Add a new tag
Caveats
  • Supply blocks, unpowered buildings, or Contaminate may cause inaccurate times.
  • Supply counts are checked every 10 seconds.